 Dungeon Crawl Stone Soup version 0.29-a0-753-gb7bb9d756e (console) character file.

Game seed: 13700603370858578236

396 Banquo the Chopper (level 6, -5/42 HPs)
             Began as an Octopode Fighter on June 30, 2022.
             Was an Initiate of Ashenzari.
             Slain by a yak (17 damage)
             ... on level 5 of the Dungeon.
             The game lasted 00:08:58 (4400 turns).

Banquo the Chopper (Octopode Fighter)               Turns: 4400, Time: 00:08:59

Health: -5/42      AC:  1    Str: 15    XL:     6   Next: 82%
Magic:  6/6        EV: 13    Int: 12    God:    Ashenzari [......]
Gold:   139        SH:  4    Dex: 12    Spells: 5/5 levels left

rFire   . . .      SeeInvis .   a - +1 war axe
rCold   . . .      Faith    .   b - +0 buckler
rNeg    . . .      Spirit   .   (helmet restricted)
rPois   .          Reflect  .   (no amulet)
rElec   .          Harm     .   i - ring of willpower
rCorr   .          Rampage  .   s - ring of flight
Will    +....                   (no ring)
Stlth   ++........              (no ring)
HPRegen 0.14/turn               (no ring)
MPRegen 0.10/turn               (no ring)
                                (no ring)
                                (no ring)

@: mighty, flying
A: almost no armour, amphibious, 8 rings, camouflage 1, gelatinous body 1,
(nimble swimmer 1), tentacles
a: Renounce Religion


You were on level 5 of the Dungeon.
You worshipped Ashenzari.
Ashenzari was noncommittal.
You visited 1 branch of the dungeon, and saw 4 of its levels.

You collected 139 gold pieces.

Inventory:

Hand Weapons
 a - a +1 war axe (weapon)
 k - a +0 trident
 n - a +2 short sword of protection
 r - a +0 sling of flaming
Missiles
 e - 45 stones (quivered)
 f - 5 datura-tipped darts
 q - 5 javelins
Armour
 b - a +0 buckler (worn)
Magical Staves
 o - a staff of death
Jewellery
 i - a ring of willpower (left tentacle)
 s - a ring of flight (right tentacle)
Scrolls
 h - a scroll of silence
 t - a scroll of brand weapon {unknown}
Potions
 c - 2 potions of might
 d - 2 potions of resistance
 g - a potion of lignification
 j - 3 potions of curing
 l - a potion of heal wounds {unknown}
 m - a potion of attraction
 p - 2 potions of brilliance {unknown}


   Skills:
 - Level 3.0 Fighting
 + Level 7.1 Axes
 - Level 3.0 Dodging
 - Level 3.0 Shields


You had 5 spell levels left.
You didn't know any spells.
Your spell library contained the following spells:

 Spells                   Type           Power      Damage    Failure   Level
 Sublimation of Blood     Necr           0%         N/A       54%         2
 Wereblood                Tmut           0%         N/A       54%         2
 Dazzling Flash           Conj/Hex       0%         N/A       78%         3
 Agony                    Necr           0%         N/A       100%        5
 Silence                  Hex/Air        0%         N/A       100%        5
 Summon Hydra             Summ           0%         N/A       100%        7


Dungeon Overview and Level Annotations

Branches:
Dungeon (5/15)
 Temple: D:4-7

Altars:
Ashenzari

Shops:
D:1 [(


Innate Abilities, Weirdness & Mutations

You cannot wear most types of armour.
You are amphibious.
You can wear up to eight rings at the same time.
Your skin changes colour to match your surroundings (Stealth+).
Your rubbery body absorbs attacks. (AC +1, EV +1)
((You are camouflaged when in or above water. (Stealth+)))
You have tentacles for arms and can constrict up to eight enemies at once.


Message History

The arrow barely misses you.
The centaur shoots an arrow.
The arrow barely misses you. The hound bites you.
You miss the hound. You grab the hound. You constrict the hound.
A jackal comes into view.
The centaur shoots an arrow.
The arrow hits you. The hound closely misses you. x2
The jackal barks!
You slash the hound!
The hound is severely wounded.
You closely miss the centaur. You constrict the hound.
The centaur unwields a +0 shortbow.
The centaur closely misses you. x2
The hound misses you.
You hit the hound.
You kill the hound!
You hit the centaur. The centaur hits you. The centaur completely misses you.
An adder comes into view.
The centaur hits you. The centaur closely misses you.
A jelly comes into view.
The adder moves out of view.
Your Axes skill increases to level 7!
Unknown command.
You feel very mighty all of a sudden. The centaur hits you!
You block the centaur's attack.
A troll comes into view.
The centaur hits you.
* * * LOW HITPOINT WARNING * * *
The centaur barely misses you.
You slash the yak!
The yak is lightly wounded.
You slash the centaur! The centaur misses you. The centaur barely misses you.
The yak barely misses you.
You hit the yak.
The yak is moderately wounded.
You slash the centaur!
The centaur closely misses you. x2; The yak misses you.
You block the centaur's attack. The centaur closely misses you.
You slash the yak! You squeeze the yak!
The yak is severely wounded.
You hit the jackal. You hit the centaur.
You kill the centaur!
You block the jackal's attack. The yak gores you!
You die...

#.?.#. #. .....###. .....#.
...J.## #..... #...# #...#
###.YY### ####....>@.#
#.......h..# #.##.#.....####
#.##..........#
#######.##.........##
#.................##
#.####..##.........#############
#.####..........##..#.#.#)#.#.#.
#..........##.####.#.#.#.#.#.#.#


You could see a yak, an ice beast, a jelly and a jackal.

Vanquished Creatures
  A black bear (D:5)
  A centaur (D:5)
  3 hounds (D:5)
  Terence (D:2)
  An iguana (D:2)
  An orc wizard (D:5)
  Robin (D:2)
  5 adders
  4 worms
  A dart slug (D:1)
  5 orcs (D:5)
  4 ball pythons
  4 bats
  6 endoplasms
  14 goblins
  7 hobgoblins
  2 jackals (D:1)
  4 kobolds
  3 quokkas
  3 frilled lizards
  4 rats
75 creatures vanquished.

Notes
Turn   | Place    | Note
-------+----------+-------------------------------------------
     0 | D:1      | Banquo the Octopode Fighter began the quest for the Orb.
     0 | D:1      | Reached XP level 1. HP: 16/16 MP: 1/1
    40 | D:1      | Found Ziven's Antique Weapon Shop.
   178 | D:1      | Found Apsos's Armour Shoppe.
   226 | D:1      | Reached XP level 2. HP: 21/21 MP: 2/2
   456 | D:1      | Reached skill level 3 in Axes
   842 | D:1      | Reached XP level 3. HP: 21/26 MP: 3/3
  1528 | D:2      | Noticed Terence
  1572 | D:2      | Noticed Robin
  1897 | D:2      | Reached skill level 4 in Axes
  1897 | D:2      | Reached XP level 4. HP: 23/31 MP: 4/4
  2752 | D:2      | Killed Terence
  2753 | D:2      | Reached skill level 5 in Axes
  2753 | D:2      | Reached XP level 5. HP: 35/36 MP: 5/5
  2893 | D:2      | Killed Robin
  3585 | D:3      | Found a broken altar of Ashenzari.
  3595 | D:3      | Became a worshipper of Ashenzari the Shackled
  3884 | D:3      | You fall into a shaft and drop 2 floors!
  3884 | D:5      | Entered Level 5 of the Dungeon
  3901 | D:5      | Noticed a black bear
  3910 | D:5      | Killed a black bear
  3911 | D:5      | Reached skill level 6 in Axes
  3911 | D:5      | Reached XP level 6. HP: 22/42 MP: 6/6
  4262 | D:5      | Noticed an ice beast
  4392 | D:5      | Noticed a yak
  4392 | D:5      | Noticed an ice beast
  4397 | D:5      | Reached skill level 7 in Axes
  4397 | D:5      | Noticed a troll
  4400 | D:5      | Slain by a yak

Illustrated notes

Levels and vault maps discovered:
D:1:      dpeg_arrival_arbitrary_c, layout_basic, serial_shops,
          nicolae_shop_hallway_plus, nicolae_shop_window_shopping,
          kennysheep_crisscross
D:2:      layout_loops_corners, minmay_randomly_rotated_circles, uniq_robin,
          uniq_terence
D:3:      layout_basic, ashenzari_altar_1, serial_shops,
          nicolae_shop_overgrown_old_shop, ebering_ecumenical_altar_box,
          gammafunk_ghost_mausoleum
D:5:      layout_loops_cross, roderic_roman_lattice, minmay_manual_mail

Skill      XL: |  1  2  3  4  5  6 |
---------------+-------------------+-----
Axes           | 3 4 5 6 7 |  7.1
Fighting       | |  3.0
Dodging        | |  3.0
Shields        | |  3.0

Action                   |  1- 3 |  4- 6 || total
-------------------------+-------+-------++-------
Melee: War axe           |    52 |   102 ||   154
       Tentacles         |     7 |    19 ||    26
       Constrict         |    11 |    17 ||    28
       Punch             |       |     4 ||     4
  Use: Scroll            |     4 |     3 ||     7
       Potion            |       |     3 ||     3
 Stab: Sleeping          |     7 |     7 ||    14
       Distracted        |     1 |       ||     1
Armor: Skin              |     2 |    16 ||    18
Dodge: Dodged            |    32 |    66 ||    98
Block: Buckler           |     5 |    21 ||    26

Table legend: (Time is in decaauts)
 A = Elapsed time spent in this place.
 B = Non-inter-level travel time spent in this place.
 C = Inter-level travel time spent in this place.
 D = Time resting spent in this place.
 E = Time spent auto-exploring this place.
 F = Levels seen in this place.
 G = Mean time per level.
                   A        B        C        D        E       F      G
               +--------+--------+--------+--------+--------+-----+--------+
         Total |   4445 |   4212 |    233 |    858 |   2688 |   4 | 1111.2 |
       Dungeon |   4445 |   4212 |    233 |    858 |   2688 |   4 | 1111.2 |
               +--------+--------+--------+--------+--------+-----+--------+

Top non-repeatable levels by time:
     D:2: 1953 daAuts
     D:1: 1643 daAuts
     D:5: 522 daAuts
     D:3: 326 daAuts
